Map: Catallena LE (Void)

Players

BroodGuard

  • Race: Zerg Zerg
  • League: Diamond
  • Spawn Location: 9:00

LeOrange - Winner!

  • Race: Terran Terran
  • League: Platinum
  • Spawn Location: 5:00

VOD

Have the link to the VOD?

Description

Time

  • Played on: Aug. 21, 2017, 8:29 p.m.
  • Length: 8:59
Show
View Real Time Build Order
Export as new Build Order

BroodGuard Zerg 

Build Orders: Hatch First 

Get SALT Encoding   

  12  0:01  Drone  
  13  0:13  Overlord  
  13  0:21  Drone  
  14  0:32  Drone x2  
  16  0:37  Drone  
  17  0:58  Hatchery  
  16  1:05  Drone  
  16  1:09  Extractor  
  16  1:13  Spawning Pool  
  16  1:15  Drone  
  16  1:23  Drone  
  16  1:24  Drone  
  18  1:34  Drone  
  19  1:56  Drone x2  
  21  2:04  Overlord  
  21  2:09  Queen  
  21  2:10  Queen  
  21  2:13  Metabolic Boost  
  25  2:18  Drone  
  25  2:25  Drone x2  
  27  2:38  Spine Crawler  
  26  2:45  Overlord  
  26  2:56  Queen  
  28  3:02  Queen  
  28  3:05  Drone x3  
  33  3:08  Zergling x2  
  34  3:22  Zergling x6  
  34  3:23  Zergling x2  
  38  3:32  Spine Crawler  
  37  3:35  Queen  
  37  3:37  Drone x2  
  37  3:38  Drone  
  42  3:46  Overlord  
  42  3:50  Drone x2  
  42  3:55  Spore Crawler  
  43  3:58  Spore Crawler  
  43  4:01  Overlord  
  42  4:15  Drone x5  
  46  4:48  Hatchery  
  45  4:58  Lair, Spore Crawler  
  44  5:07  Extractor  
  43  5:22  Queen  
  45  5:31  Zergling x2  
  45  5:32  Zergling x16  
  54  5:48  Extractor  
  53  5:50  Extractor  
  53  5:53  Spine Crawler  
  53  5:54  Drone x3  
  53  5:56  Drone x3  
  57  5:59  Zergling x2  
  45  6:35  Zergling x16  
  45  6:36  Zergling x6  
  56  6:45  Hydralisk Den  
  55  6:49  Queen  
  57  7:01  Overlord x3  
  57  7:02  Overlord  
  57  7:19  Hydralisk  
  57  7:20  Hydralisk x9  
  57  7:21  Hydralisk x4  
  41  8:13  Hydralisk x2  
  41  8:14  Hydralisk x6  
  55  8:28  Zergling x4  
  55  8:29  Zergling x20  
  55  8:30  Zergling x2  
Show
View Real Time Build Order
Export as new Build Order

LeOrange Terran - Winner!

Build Orders: 1/1/1, Cyclone Opening, MMM Bio 

Get SALT Encoding   

  12  0:00  SCV  
  13  0:12  SCV  
  14  0:17  Supply Depot  
  14  0:24  SCV  
  15  0:29  Refinery  
  15  0:39  SCV  
  16  0:46  Barracks  
  16  0:51  SCV  
  17  0:57  Refinery  
  17  1:03  SCV  
  19  1:18  SCV  
  19  1:33  Reaper, Orbital Command  
  19  1:35  Factory  
  20  1:59  Supply Depot  
  20  2:03  SCV  
  21  2:09  Reaper  
  21  2:15  SCV  
  23  2:20  Starport  
  26  2:22  Cyclone  
  26  2:29  Supply Depot  
  26  2:32  SCV  
  27  2:41  Barracks Tech Lab  
  27  2:44  SCV  
  28  2:56  SCV  
  29  3:08  Command Center  
  29  3:17  Raven  
  29  3:19  Factory Tech Lab  
  31  3:22  Barracks Reactor  
  31  3:26  SCV  
  32  3:34  Supply Depot  
  32  3:38  SCV  
  32  3:40  Siege Tank  
  36  3:50  SCV  
  37  3:58  Marine x2  
  39  4:05  Viking  
  39  4:08  SCV  
  42  4:18  Siege Tank, Marine x2  
  42  4:20  SCV  
  42  4:22  Orbital Command  
  48  4:32  SCV  
  48  4:37  Marine x2  
  51  4:44  SCV  
  52  4:48  SCV  
  53  4:55  Supply Depot  
  53  4:57  SCV  
  53  4:58  Barracks x2  
  54  5:00  SCV  
  55  5:08  Liberator  
  55  5:09  SCV, Siege Tank  
  55  5:10  Marine  
  60  5:17  Supply Depot, SCV  
  60  5:21  SCV, Refinery  
  65  5:24  Refinery  
  65  5:29  SCV, Stimpack  
  65  5:33  SCV, Marine  
  68  5:42  SCV, Supply Depot  
  69  5:45  SCV  
  70  5:52  Siege Tank  
  70  5:53  Marine  
  74  6:03  SCV x2  
  76  6:09  Barracks Reactor  
  76  6:10  Barracks Reactor  
  76  6:11  Supply Depot  
  76  6:15  SCV x2  
  78  6:25  Siege Tank, Marine  
  79  6:27  SCV x2, Medivac  
  86  6:41  SCV x2  
  88  6:49  Marine x3  
  88  6:51  Marauder  
  88  6:52  Marine  
  94  6:55  Command Center  
  94  6:59  Engineering Bay  
  94  7:01  Armory  
  94  7:05  Engineering Bay  
  94  7:13  Supply Depot  
  94  7:14  SCV x2, Viking, Marine x2, Marauder  
  94  7:15  Siege Tank, Marine  
  106  7:16  Marine  
  107  7:26  SCV  
  107  7:29  Combat Shields  
  108  7:35  Supply Depot  
  94  8:13  Marine x5  
  94  8:14  Medivac x2, Siege Tank  
  106  8:27  SCV x2  
  108  8:31  Marine x3  
  111  8:39  SCV x2  
Tags
 
Add a new tag
Caveats
  • Supply blocks, unpowered buildings, or Contaminate may cause inaccurate times.
  • Supply counts are checked every 10 seconds.